 Dungeon Crawl Stone Soup version 0.18.1-48-g4cf74bf (webtiles) character file.

96 tyranidshit the Skirmisher (level 4, 0/39 HPs)
             Began as a Demonspawn Abyssal Knight on Sept 9, 2016.
             Was a Believer of Lugonu.
             Killed from afar by an orc wizard (10 damage)
             ... with a puff of frost
             ... on level 4 of the Dungeon.
             The game lasted 00:05:33 (1996 turns).

tyranidshit the Skirmisher (DsAK)                   Turns: 1996, Time: 00:05:34

Health: 0/39       AC: 11    Str: 13      XL:     4   Next: 41%
Magic:  5/5        EV: 10    Int: 13      God:    Lugonu [**....]
Gold:   146        SH:  0    Dex: 12 (15) Spells: 0 memorised, 3 levels left

rFire  . . .     SeeInvis .     k - +2 short sword (protect)
rCold  . . .     Gourm    .     e - +1 ring mail
rNeg   . . .     Faith    .     (no shield)
rPois  .         Spirit   .     (helmet restricted)
rElec  .         Dismiss  .     (no cloak)
rCorr  .         Reflect  .     (no gloves)
SustAt .         Harm     .     (no boots)
MR     .....                    (no amulet)
Stlth  +.........               (no ring)
                                (no ring)

@: not resistant to hostile enchantments, very unstealthy
A: antennae 2, fangs 1, agile 1
a: Depart the Abyss, Bend Space, Renounce Religion


You were on level 4 of the Dungeon.
You worshipped Lugonu.
Lugonu was pleased with you.
You were not hungry.

You visited 1 branch of the dungeon, and saw 4 of its levels.
You visited the Abyss 1 time.

You collected 146 gold pieces.

Inventory:

Hand Weapons
 a - a +1 hand axe
 k - a +2 short sword of protection (weapon)
Missiles
 g - a throwing net (quivered)
Armour
 b - a +0 leather armour
 e - a +1 ring mail (worn)
Jewellery
 o - an uncursed ring of loudness
Wands
 d - a wand of flame (22/48)
Scrolls
 m - 2 scrolls of enchant weapon
 q - 2 scrolls of magic mapping
Comestibles
 c - 5 bread rations
 i - 2 beef jerkies
 j - 3 meat rations
 l - 4 fruits


   Skills:
 + Level 5.2 Fighting
 - Level 1.7 Axes
 - Level 1.8 Armour
 - Level 1.0 Dodging
 - Level 2.4 Invocations


You had 3 spell levels left.
You didn't know any spells.

Dungeon Overview and Level Annotations

Branches:
Dungeon (4/15)
 Temple: D:4-7

Altars:
Kikubaaqudgha
Pakellas
Yredelemnul
Zin

Annotations:
D:3 ReniFell's ghost, amateur TrMo


Innate Abilities, Weirdness & Mutations

You have a pair of antennae on your head.
You have very sharp teeth.
You are agile. (Dex +2)


Message History

It was a scroll of noise.
You hear a shout! x6; You hear an angry hiss.
You hear a shout! x7
Read which item? (? for menu, Esc to quit)
As you read the scroll labeled QECU PUSENOEGY, it crumbles to dust.
It is a scroll of enchant armour.
Enchant which item? (? for menu, Esc to quit)
Your +0 ring mail glows green for a moment.
You feel sick.
An orc wizard comes into view. It is wielding a dagger.
An orc wizard is nearby!
You are too injured to fight recklessly!
You are too injured to fight recklessly!
You are too injured to fight recklessly!
Unknown command.
An orc comes into view. It is wielding a hand axe.
You feel sick.
You are no longer poisoned.
The orc wizard points at you and mumbles some strange words.
The puff of frost hits you!
You die...

##########..........#
#........#..........#
#........#..........#
#........#..........#
+........#..........#
#........'..†.....<.#
#...<....#..........#
#........#..........#
######...#.....@....#
###########.....o.o
#........ #........ {
#........ #........
#........ #....####


You could see an orc wizard.

Vanquished Creatures
  A worker ant (D:4)
  An adder (D:2)
  A worm (D:2)
  2 dart slugs (D:1)
  2 giant geckos (D:1)
  5 giant cockroaches
  4 goblins
  7 hobgoblins
  2 jackals (D:3)
  8 kobolds
  10 bats
  5 giant newts
  4 rats
52 creatures vanquished.

Notes
Turn   | Place    | Note
--------------------------------------------------------------
     0 | Abyss:1  | tyranidshit the Demonspawn Abyssal Knight began the quest for the Orb.
     0 | Abyss:1  | Reached XP level 1. HP: 18/18 MP: 2/2
     1 | Abyss:1  | Found a corrupted altar of Lugonu.
    22 | Abyss:1  | Noticed a quasit
    40 | Abyss:1  | Noticed a ynoxinul
    91 | Abyss:2  | Noticed a chaos spawn
   104 | Abyss:2  | Noticed a neqoxec
   111 | D:1      | Escaped the Abyss
   151 | D:1      | Reached skill level 1 in Dodging
   193 | D:1      | Gained mutation: You have a pair of small antennae on your head. [demonic ancestry]
   193 | D:1      | Reached XP level 2. HP: 2/24 MP: 3/3
   198 | D:1      | HP: 1/24 [bat (1)]
   345 | D:1      | Reached * piety under Lugonu
   582 | D:1      | Reached skill level 4 in Fighting
   696 | D:1      | Gained mutation: You have a pair of antennae on your head. [demonic ancestry]
   696 | D:1      | Reached XP level 3. HP: 30/30 MP: 4/4
  1192 | D:2      | Found an oddly glowing altar of Pakellas.
  1192 | D:2      | Found an ancient bone altar of Kikubaaqudgha.
  1194 | D:2      | Found a basalt altar of Yredelemnul.
  1199 | D:2      | Found a glowing silver altar of Zin.
  1859 | D:3      | Reached XP level 4. HP: 38/38 MP: 5/5
  1874 | D:3      | Reached ** piety under Lugonu
  1941 | D:3      | Noticed ReniFell's ghost (amateur TrMo)
  1984 | D:4      | Reached skill level 5 in Fighting
  1985 | D:4      | Gained mutation: You are agile. (Dex +2) [potion of mutation]
  1985 | D:4      | Gained mutation: You have very sharp teeth. [potion of mutation]
  1996 | D:4      | Killed from afar by an orc wizard

Skill      XL: |  1  2  3  4 |
---------------+-------------+-----
Dodging        | 1 |  1.0
Fighting       | 4 5 |  5.2
Axes           | |  1.7
Armour         | |  1.8
Invocations    | |  2.4

Action                   |  1- 3 |  4- 6 || total
-------------------------+-------+-------++-------
Melee: Hand axe          |    40 |       ||    40
       Short sword       |   147 |    23 ||   170
Invok: Depart the Abyss  |     1 |       ||     1
Evoke: Wand              |     2 |       ||     2
  Use: Scroll            |     5 |     3 ||     8
       Potion            |     2 |     1 ||     3
  Eat: Bread ration      |     1 |       ||     1
Armor: Ring mail         |   111 |    23 ||   134
       Leather armour    |    11 |       ||    11
Dodge: Dodged            |   128 |    16 ||   144
